PAA
ATHLETIC CLUB KC ACADEMY @ LANNISTER UNITED LIONHEARTS
09/12/2022
 
TOP OF THE 1ST
Athletic Club KC Academy batting - Pitching for Lannister United Lionhearts : RHP Gonçalo Conxacha
Pitching: RHP Gonçalo Conxacha
Batting: RHB Michael Walker 0-0: Ball
1-0: Called Strike
1-1: Foul Ball, location: 2F
1-2: Ground out 5-3 (Groundball, 56)
Batting: LHB Michael Landry 0-0: Called Strike
0-1: DOUBLE (Line Drive, 9LM)
Batting: RHB Allen Williams 0-0: Ball
1-0: Ball
2-0: Called Strike
2-1: Ball
3-1: Base on Balls
Batting: RHB Dave Robertson 0-0: Ball
1-0: Called Strike
1-1: Swinging Strike
1-2: Strikes out swinging
Batting: RHB Chris Teague 0-0: Ball
1-0: Ball
2-0: Called Strike
2-1: Foul Ball, location: 2F
2-2: Ball
3-2: SINGLE (Groundball, 56)
Michael Landry to third
Allen Williams to second
Michael Landry scores
Allen Williams to third
Batting: RHB Geoff Rivers 0-0: Foul Ball, location: 2F
0-1: Foul Ball, location: 2F
0-2: Ball
1-2: SINGLE (Groundball, 56D)
Allen Williams scores
Chris Teague to second
Batting: LHB Ed Hammond 0-0: Ball
1-0: Ball
2-0: Ball
3-0: Base on Balls
Chris Teague to third
Geoff Rivers to second
Batting: RHB Bob Curry 0-0: Ball
1-0: Called Strike
1-1: SINGLE (Groundball, 4MD)
Chris Teague scores
Geoff Rivers to third
Ed Hammond to second
Runner from 3rd tries for Home, SAFE, throw made at trailing runner, SAFE at third!
Batting: RHB Larry Johnston 0-0: Called Strike
0-1: Ball
1-1: Foul Ball, location: 2F
1-2: Foul Ball, location: 2F
1-2: Fly out, F8 (Flyball, 89M)
Top of the 1st over - 4 run(s), 4 hit(s), 0 error(s), 2 left on base; Athletic Club KC Academy 4 - Lannister United 0
BOTTOM OF THE 1ST
Lannister United Lionhearts batting - Pitching for Athletic Club KC Academy : RHP Jason Hamilton
Pitching: RHP Jason Hamilton
Batting: LHB Gabriel Córdova 0-0: Ball
1-0: Ball
2-0: Ball
3-0: Called Strike
3-1: Fly out, F8 (Flyball, 8LD)
Batting: RHB Javier Chávez 0-0: Foul Ball, location: 2F
0-1: Swinging Strike
0-2: Ball
1-2: Ball
2-2: Ball
3-2: SINGLE (Flyball, 8RS)
Batting: RHB Curt Johnston 0-0: Ball
1-0: Ball
2-0: Ground out 5-3 (Groundball, 56S)
Javier Chávez to second
Batting: LHB Kenko Ueda 0-0: SINGLE (Groundball, 34D)
Javier Chávez to third
Runner from 3rd tries for Home, SAFE, no throw or cutoff
Batting: LHB Jorge Garza 0-0: Ball
1-0: Ground out U3 (Groundball, 3S)
Bottom of the 1st over - 1 run(s), 2 hit(s), 0 error(s), 1 left on base; Athletic Club KC Academy 4 - Lannister United 1
TOP OF THE 2ND
Athletic Club KC Academy batting - Pitching for Lannister United Lionhearts : RHP Gonçalo Conxacha
Batting: RHB Michael Walker 0-0: DOUBLE (Groundball, 5L)
Batting: LHB Michael Landry 0-0: Ball
1-0: Ball
2-0: Foul Ball, location: 2F
2-1: Called Strike
2-2: Foul Ball, location: 2F
2-2: Foul Ball, location: 2F
2-2: Strikes out swinging
Batting: RHB Allen Williams 0-0: Ball
1-0: Ball
2-0: Fly out, F9 (Flyball, 9M)
Batting: RHB Dave Robertson 0-0: Ground out U3 (Groundball, 3S)
Top of the 2nd over - 0 run(s), 1 hit(s), 0 error(s), 1 left on base; Athletic Club KC Academy 4 - Lannister United 1
BOTTOM OF THE 2ND
Lannister United Lionhearts batting - Pitching for Athletic Club KC Academy : RHP Jason Hamilton
Batting: LHB Aurelio Aurillo 0-0: Called Strike
0-1: Ball
1-1: Hit by Pitch
Batting: RHB Carlos Pacheco 0-0: Ball
1-0: Called Strike
1-1: Swinging Strike
1-2: Foul Ball, location: 2F
1-2: Ball
2-2: Grounds into double play, 4-6-3 (Groundball, 4)
Batting: RHB Pedro Herrera 0-0: Swinging Strike
0-1: Ball
1-1: Foul Ball, location: 2F
1-2: Ball
2-2: Foul Ball, location: 2F
2-2: Foul Ball, location: 2F
2-2: Ball
3-2: Base on Balls
Batting: RHB José Cruz 0-0: Fly out, F7 (Flyball, 7M)
Bottom of the 2nd over - 0 run(s), 0 hit(s), 0 error(s), 1 left on base; Athletic Club KC Academy 4 - Lannister United 1
TOP OF THE 3RD
Athletic Club KC Academy batting - Pitching for Lannister United Lionhearts : RHP Gonçalo Conxacha
Batting: RHB Chris Teague 0-0: Called Strike
0-1: SINGLE (Flyball, 8RS)
Batting: RHB Geoff Rivers 0-0: Fly out, F9 (Flyball, 9M)
Batting: LHB Ed Hammond 0-0: Ball
1-0: Called Strike
1-1: Ball
2-1: Ball
3-1: Called Strike
3-2: Ground out U3 (Groundball, 3S)
Chris Teague to second
Batting: RHB Bob Curry 0-0: Called Strike
0-1: SINGLE (Groundball, 15) (infield hit)
Chris Teague to third
Batting: RHB Larry Johnston 0-0: Ball
1-0: Called Strike
1-1: Called Strike
1-2: Ball
2-2: Strikes out looking
Top of the 3rd over - 0 run(s), 2 hit(s), 0 error(s), 2 left on base; Athletic Club KC Academy 4 - Lannister United 1
BOTTOM OF THE 3RD
Lannister United Lionhearts batting - Pitching for Athletic Club KC Academy : RHP Jason Hamilton
Batting: LHB Gabriel Córdova 0-0: Called Strike
0-1: Foul Ball, location: 2F
0-2: Foul Ball, location: 2F
0-2: Foul Ball, location: 2F
0-2: Ball
1-2: Ground out 6-3 (Groundball, 6MS)
Batting: RHB Javier Chávez 0-0: Ball
1-0: Foul Ball, location: 2F
1-1: Foul Ball, location: 2F
1-2: Fly out, F9 (Flyball, 9LM)
Batting: RHB Curt Johnston 0-0: SINGLE (Groundball, 3L)
Batting: LHB Kenko Ueda 0-0: Ball
1-0: Ball
2-0: Foul Ball, location: 2F
2-1: Ground out 5-3 (Groundball, 56)
Bottom of the 3rd over - 0 run(s), 1 hit(s), 0 error(s), 1 left on base; Athletic Club KC Academy 4 - Lannister United 1
TOP OF THE 4TH
Athletic Club KC Academy batting - Pitching for Lannister United Lionhearts : RHP Gonçalo Conxacha
Batting: RHB Michael Walker 0-0: Swinging Strike
0-1: Ground out 5-3 (Groundball, 56S)
Batting: LHB Michael Landry 0-0: Ground out 4-3 (Groundball, 4M)
Batting: RHB Allen Williams 0-0: Foul Ball, location: 2F
0-1: Swinging Strike
0-2: Ball
1-2: Foul Ball, location: 2F
1-2: Ball
2-2: Ball
3-2: Ground out 4-3 (Groundball, 4)
Top of the 4th over - 0 run(s), 0 hit(s), 0 error(s), 0 left on base; Athletic Club KC Academy 4 - Lannister United 1
BOTTOM OF THE 4TH
Lannister United Lionhearts batting - Pitching for Athletic Club KC Academy : RHP Jason Hamilton
Batting: LHB Jorge Garza 0-0: Ball
1-0: Called Strike
1-1: Ground out U3 (Groundball, 3S)
Batting: LHB Aurelio Aurillo 0-0: Foul Ball, location: 2F
0-1: Ball
1-1: Foul Ball, location: 2F
1-2: SINGLE (Line Drive, 56D)
Batting: RHB Carlos Pacheco 0-0: Called Strike
0-1: Ball
1-1: Grounds into double play, 6-4-3 (Groundball, 6M)
Bottom of the 4th over - 0 run(s), 1 hit(s), 0 error(s), 0 left on base; Athletic Club KC Academy 4 - Lannister United 1
TOP OF THE 5TH
Athletic Club KC Academy batting - Pitching for Lannister United Lionhearts : RHP Gonçalo Conxacha
Batting: RHB Dave Robertson 0-0: Called Strike
0-1: Ball
1-1: Ball
2-1: Foul Ball, location: 2F
2-2: Strikes out swinging
Batting: RHB Chris Teague 0-0: Ball
1-0: Foul Ball, location: 2F
1-1: Swinging Strike
1-2: Foul Ball, location: 2F
1-2: Ball
2-2: Ball
3-2: Ground out 6-3 (Groundball, 6)
Batting: RHB Geoff Rivers 0-0: Called Strike
0-1: Swinging Strike
0-2: Strikes out swinging
Top of the 5th over - 0 run(s), 0 hit(s), 0 error(s), 0 left on base; Athletic Club KC Academy 4 - Lannister United 1
BOTTOM OF THE 5TH
Lannister United Lionhearts batting - Pitching for Athletic Club KC Academy : RHP Jason Hamilton
Batting: RHB Pedro Herrera 0-0: Called Strike
0-1: Foul Ball, location: 2F
0-2: Ball
1-2: SINGLE (Line Drive, 6M)
Batting: RHB José Cruz 0-0: Called Strike
0-1: Ball
1-1: Grounds into double play, 5-4-3 (Groundball, 5L)
Batting: LHB Gabriel Córdova 0-0: DOUBLE (Groundball, 5L)
Batting: RHB Javier Chávez 0-0: Ball
1-0: Ball
2-0: Foul Ball, location: 2F
2-1: Foul Ball, location: 2F
2-2: Foul Ball, location: 2F
2-2: Fly out, F9 (Flyball, 9M)
Bottom of the 5th over - 0 run(s), 2 hit(s), 0 error(s), 1 left on base; Athletic Club KC Academy 4 - Lannister United 1
TOP OF THE 6TH
Athletic Club KC Academy batting - Pitching for Lannister United Lionhearts : RHP Gonçalo Conxacha
Pitching: RHP Tom Rosas
Batting: LHB Ed Hammond 0-0: Ball
1-0: Swinging Strike
1-1: Called Strike
1-2: Ball
2-2: Fly out, F4 (Popup, 34)
Batting: RHB Bob Curry 0-0: DOUBLE (Line Drive, 7LM)
Batting: RHB Larry Johnston 0-0: Ground out 6-3 (Groundball, 6M)
Bob Curry to third
Batting: RHB Michael Walker 0-0: Ball
1-0: Ball
2-0: Foul Ball, location: 2F
2-1: Foul Ball, location: 2F
2-2: SINGLE (Line Drive, 6M)
Bob Curry scores
Batting: LHB Michael Landry 0-0: Ball
1-0: Called Strike
Michael Walker steals 2nd base
1-1: Ball
2-1: Foul Ball, location: 2F
2-2: Ball
3-2: SINGLE (Line Drive, 6D)
Michael Walker to third
Michael Walker scores
Batting: RHB Allen Williams 0-0: Ground out 4-3 (Groundball, 4)
Top of the 6th over - 2 run(s), 3 hit(s), 0 error(s), 1 left on base; Athletic Club KC Academy 6 - Lannister United 1
BOTTOM OF THE 6TH
Lannister United Lionhearts batting - Pitching for Athletic Club KC Academy : RHP Jason Hamilton
Batting: RHB Curt Johnston 0-0: Fly out, F5 (Popup, 5F)
Batting: LHB Kenko Ueda 0-0: Foul Ball, location: 2F
0-1: Swinging Strike
0-2: Ball
1-2: Strikes out looking
Batting: LHB Jorge Garza 0-0: Ball
1-0: Fly out, F6 (Popup, 6MD)
Bottom of the 6th over - 0 run(s), 0 hit(s), 0 error(s), 0 left on base; Athletic Club KC Academy 6 - Lannister United 1
TOP OF THE 7TH
Athletic Club KC Academy batting - Pitching for Lannister United Lionhearts : RHP Tom Rosas
Batting: RHB Dave Robertson 0-0: Ball
1-0: Swinging Strike
1-1: Ground out 1-3 (Groundball, 13S)
Batting: RHB Chris Teague 0-0: Swinging Strike
0-1: Ball
1-1: Foul Ball, location: 2F
1-2: Fly out, F5 (Popup, 5)
Batting: RHB Geoff Rivers 0-0: Swinging Strike
0-1: Foul Ball, location: 2F
0-2: Ball
1-2: Strikes out swinging
Top of the 7th over - 0 run(s), 0 hit(s), 0 error(s), 0 left on base; Athletic Club KC Academy 6 - Lannister United 1
BOTTOM OF THE 7TH
Lannister United Lionhearts batting - Pitching for Athletic Club KC Academy : RHP Jason Hamilton
Batting: LHB Aurelio Aurillo 0-0: Called Strike
0-1: Ball
1-1: Ball
2-1: Fly out, F8 (Flyball, 8RM)
Batting: RHB Carlos Pacheco 0-0: Swinging Strike
0-1: Foul Ball, location: 2F
0-2: SINGLE (Line Drive, 4D)
Batting: RHB Pedro Herrera 0-0: Ball
1-0: Ball
2-0: Swinging Strike
2-1: Swinging Strike
2-2: Grounds into double play, 5-4-3 (Groundball, 5)
Bottom of the 7th over - 0 run(s), 1 hit(s), 0 error(s), 0 left on base; Athletic Club KC Academy 6 - Lannister United 1
TOP OF THE 8TH
Athletic Club KC Academy batting - Pitching for Lannister United Lionhearts : RHP Tom Rosas
Batting: LHB Ed Hammond 0-0: Called Strike
0-1: Ball
1-1: Fly out, F7 (Flyball, 7LMF)
Batting: RHB Bob Curry 0-0: Ball
1-0: Called Strike
1-1: Fly out, F4 (Popup, 34D)
Batting: RHB Larry Johnston 0-0: SINGLE (Line Drive, 34D)
Batting: RHB Michael Walker 0-0: Swinging Strike
0-1: Ball
1-1: Foul Ball, location: 2F
1-2: Strikes out swinging
Top of the 8th over - 0 run(s), 1 hit(s), 0 error(s), 1 left on base; Athletic Club KC Academy 6 - Lannister United 1
BOTTOM OF THE 8TH
Lannister United Lionhearts batting - Pitching for Athletic Club KC Academy : RHP Jason Hamilton
Now in LF: Mike Lovell
Batting: RHB José Cruz 0-0: Called Strike
0-1: Fly out, F3 (Popup, 3L)
Batting: LHB Gabriel Córdova 0-0: Called Strike
0-1: Ball
1-1: Fly out, F8 (Flyball, 8LM)
Batting: RHB Javier Chávez 0-0: Ball
1-0: Ball
2-0: Ball
3-0: Called Strike
3-1: Foul Ball, location: 2F
3-2: Fly out, F4 (Popup, 34D)
Bottom of the 8th over - 0 run(s), 0 hit(s), 0 error(s), 0 left on base; Athletic Club KC Academy 6 - Lannister United 1
TOP OF THE 9TH
Athletic Club KC Academy batting - Pitching for Lannister United Lionhearts : RHP Tom Rosas
Batting: LHB Michael Landry 0-0: Foul Ball, location: 2F
0-1: Swinging Strike
0-2: SINGLE (Line Drive, 8LS)
Batting: RHB Allen Williams 0-0: Foul Ball, location: 2F
0-1: Ball
1-1: Fly out, F6 (Line Drive, 6)
Batting: RHB Dave Robertson 0-0: Called Strike
0-1: Swinging Strike
0-2: Strikes out swinging
Batting: RHB Chris Teague 0-0: Ball
1-0: Foul Ball, location: 2F
1-1: Foul Ball, location: 2F
1-2: Strikes out swinging
Top of the 9th over - 0 run(s), 1 hit(s), 0 error(s), 1 left on base; Athletic Club KC Academy 6 - Lannister United 1
BOTTOM OF THE 9TH
Lannister United Lionhearts batting - Pitching for Athletic Club KC Academy : RHP Jason Hamilton
Pitching: LHP António Silva
Batting: RHB Curt Johnston 0-0: Ball
1-0: Ball
2-0: Called Strike
2-1: Ball
3-1: Ground out 6-3 (Groundball, 6)
Batting: LHB Kenko Ueda 0-0: SINGLE (Groundball, 6MD)
Batting: LHB Jorge Garza 0-0: Ball
1-0: Foul Ball, location: 2F
1-1: Swinging Strike
1-2: Ball
2-2: Fly out, F8 (Flyball, 8LS)
Batting: LHB Aurelio Aurillo 0-0: Called Strike
0-1: Fly out, F8 (Flyball, 8RD)
Bottom of the 9th over - 0 run(s), 1 hit(s), 0 error(s), 1 left on base; Athletic Club KC Academy 6 - Lannister United 1
This league is powered by Out of the Park Baseball, the baseball management simulation game for PC, Mac and Linux
Friday, April 15th, 2016 - OOTP Baseball 16.9 Build 39